Map: [ESL] Crimson Court

Players

Astrea - Winner!

  • Race: Protoss Protoss
  • Spawn Location: 1:00

Spirit

  • Race: Terran Terran
  • Spawn Location: 7:00

Event: ESL Spring 2024 Finals

VOD

Have the link to the VOD?

Description

Time

  • Played on: June 1, 2024, 2:26 p.m.
  • Length: 51:47

All games in this series

Show
View Real Time Build Order
Export as new Build Order

Astrea Protoss - Winner!

Build Orders: 1 Gate Expand, Blink Stalkers 

Get SALT Encoding   

  12  0:00  Probe  
  13  0:12  Probe  
  14  0:16  Pylon  
  14  0:24  Probe (Chrono Boost)  
  16  0:36  Gateway, Probe (Chrono Boost)  
  16  0:42  Probe (Chrono Boost)  
  16  0:44  Assimilator  
  17  0:51  Probe  
  18  1:03  Probe  
  19  1:15  Probe  
  20  1:22  Cybernetics Core  
  20  1:31  Nexus  
  20  1:33  Probe  
  20  1:39  Pylon  
  21  1:45  Probe  
  22  1:48  Assimilator  
  22  1:57  Probe  
  22  2:00  Stalker (Chrono Boost)  
  23  2:06  Warp Gate  
  25  2:10  Probe  
  26  2:21  Adept (Chrono Boost)  
  26  2:22  Probe  
  29  2:34  Twilight Council, Probe  
  30  2:43  Probe  
  31  2:46  Probe  
  32  2:55  Probe  
  32  2:56  Gateway  
  32  2:58  Probe  
  34  3:02  Blink (Chrono Boost)  
  34  3:07  Probe  
  34  3:10  Probe  
  36  3:19  Robotics Facility, Probe  
  37  3:22  Probe  
  38  3:32  Probe  
  38  3:33  Gateway  
  38  3:34  Gateway, Probe  
  39  3:40  Pylon  
  40  3:44  Probe  
  40  3:47  Probe  
  42  3:49  Pylon  
  42  3:54  Stalker x2  
  46  3:59  Probe  
  48  4:04  Pylon  
  48  4:05  Warp Prism (Chrono Boost)  
  49  4:11  Assimilator  
  49  4:12  Probe  
  49  4:14  Probe  
  51  4:19  Stalker  
  51  4:21  Stalker  
  55  4:35  Stalker x2  
  55  4:36  Observer  
  60  4:42  Probe  
  61  4:50  Pylon  
  61  4:51  Stalker x2  
  65  4:59  Nexus  
  65  5:04  Probe x2  
  59  5:22  Probe  
  59  5:23  Stalker x4  
  59  5:25  Probe  
  59  5:27  Assimilator  
  69  5:30  Observer  
  68  5:36  Probe  
  68  5:37  Probe  
  68  5:40  Forge  
  68  5:42  Pylon  
  70  5:49  Probe  
  71  5:53  Probe  
  72  5:57  Charge  
  72  6:00  Templar Archives  
  72  6:01  Probe  
  72  6:02  Protoss Ground Weapons Level 1 (Chrono Boost)  
  73  6:05  Probe  
  73  6:06  Shield Battery  
  74  6:15  Probe  
  74  6:17  Gateway x2  
  75  6:20  Gateway  
  75  6:22  Stalker x2, Gateway, Psionic Storm  
  74  6:28  Probe  
  74  6:29  Stalker  
  70  6:35  Probe  
  70  6:36  Probe  
  70  6:40  Probe  
  71  6:47  Probe  
  71  6:48  Probe  
  71  6:49  Observer  
  73  6:55  Observer, Probe  
  73  6:59  Probe  
  73  7:00  Probe  
  76  7:01  High Templar  
  76  7:07  Pylon, Probe  
  79  7:11  Observer  
  79  7:13  Probe  
  79  7:14  High Templar  
  82  7:18  Observer, Probe  
  82  7:20  Zealot x5  
  93  7:23  Probe  
  94  7:31  Probe x2  
  94  7:35  Probe  
  97  7:39  High Templar x2  
  97  7:43  Probe x2  
  103  7:47  Probe  
  104  7:54  Zealot x3  
  104  7:57  Pylon  
  108  8:05  Observer  
  103  8:06  Protoss Ground Weapons Level 2 (Chrono Boost)  
  103  8:08  Probe x2  
  105  8:14  Probe  
  105  8:18  High Templar  
  108  8:20  Observer, Probe  
  108  8:21  Probe  
  108  8:24  Zealot x3  
  108  8:26  Probe  
  117  8:27  Pylon  
  117  8:28  Pylon  
  117  8:45  Nexus, Probe x3  
  117  8:46  Immortal (Chrono Boost)  
  117  8:47  Pylon  
  124  8:54  Shield Battery  
  124  8:55  Pylon  
  122  8:56  High Templar x2  
  122  8:57  Probe x3  
  122  8:59  Assimilator  
  122  9:00  Assimilator  
  129  9:09  Forge  
  132  9:10  Probe x3  
  132  9:12  High Templar  
  132  9:14  Pylon  
  134  9:17  High Templar  
  134  9:19  Photon Cannon  
  134  9:22  Pylon, Probe x3, Immortal (Chrono Boost)  
  143  9:35  Zealot x3, Protoss Ground Armor Level 1 (Chrono Boost)  
  143  9:38  Gateway x2  
  146  9:54  Observer  
  147  10:02  Probe x2  
  147  10:03  Probe x2  
  147  10:04  Protoss Ground Weapons Level 3 (Chrono Boost)  
  147  10:06  Shield Battery  
  151  10:14  Warp Prism, Probe  
  151  10:18  Pylon  
  148  10:23  Probe x3  
  148  10:25  Assimilator x2, Photon Cannon  
  148  10:28  Stargate  
  151  10:30  Zealot x5, High Templar  
  151  10:31  Zealot x2  
  163  10:36  Protoss Air Weapons Level 1 (Chrono Boost)  
  143  10:51  Zealot x5, Observer  
  143  10:52  Zealot x4  
  161  11:02  Probe x2  
  163  11:15  Zealot x10  
  163  11:16  Protoss Ground Armor Level 2 (Chrono Boost)  
  182  11:20  Observer  
  181  11:27  Photon Cannon  
  179  11:36  Probe x3  
  176  11:47  Stargate  
  176  11:49  Zealot x7, Fleet Beacon  
  180  11:57  Stargate  
  180  12:09  Observer (Chrono Boost)  
  180  12:11  Oracle, Pylon  
  180  12:12  Pylon  
  184  12:20  Observer (Chrono Boost)  
  184  12:23  Photon Cannon  
  184  12:25  Pylon  
  184  12:27  Pylon  
  182  12:32  Cybernetics Core, Pylon  
  182  12:35  Protoss Air Weapons Level 2 (Chrono Boost)  
  172  12:45  Tempest (Chrono Boost)  
  172  12:46  Tempest (Chrono Boost)  
  172  12:51  Photon Cannon  
  182  12:54  Photon Cannon x2  
  182  12:57  Photon Cannon  
  184  12:59  Probe (Chrono Boost)  
  184  13:00  Probe x2 (Chrono Boost)  
  186  13:08  Pylon  
  186  13:11  Protoss Air Armor Level 1 (Chrono Boost)  
  194  13:14  Tempest (Chrono Boost)  
  194  13:16  Mothership (Chrono Boost)  
  191  13:41  High Templar  
  189  13:44  Zealot x4  
  189  13:59  Nexus  
  189  14:02  Pylon  
  183  14:04  Tempest x3  
  171  14:20  Observer  
  171  14:21  High Templar x2  
  171  14:23  Protoss Ground Armor Level 3, Protoss Shields Level 1  
  167  14:27  Nexus  
  165  14:34  Photon Cannon  
  165  14:36  Shield Battery  
  165  14:37  Observer  
  166  14:40  Assimilator  
  171  14:55  Photon Cannon x2  
  171  14:56  High Templar  
  171  14:57  High Templar, Photon Cannon  
  172  15:10  Oracle (Chrono Boost), Tempest (Chrono Boost)  
  172  15:12  Protoss Air Armor Level 2  
  165  15:16  Protoss Air Weapons Level 3  
  163  15:23  Stalker x7  
  163  15:24  Observer  
  163  15:27  Observer  
  178  15:32  Probe  
  178  15:34  Photon Cannon  
  178  15:35  Photon Cannon  
  182  15:46  Oracle (Chrono Boost)  
  182  15:50  Zealot x3  
  188  16:03  Pylon  
  186  16:07  High Templar  
  186  16:13  High Templar x2  
  190  16:27  Tempest, Photon Cannon  
  190  16:29  Shield Battery x2, Photon Cannon  
  195  16:38  Observer  
  195  16:45  High Templar  
  195  16:46  High Templar  
  199  16:50  Assimilator  
  199  16:51  Assimilator  
  199  17:07  Archon  
  199  17:08  Tempest (Chrono Boost)  
  199  17:10  Tempest (Chrono Boost)  
  193  17:25  Unknown  
  193  17:27  Tempest (Chrono Boost)  
  198  17:30  Photon Cannon  
  198  17:33  Photon Cannon  
  198  17:40  High Templar x2  
  200  17:45  Observer  
  200  17:53  Nexus  
  200  17:55  Protoss Shields Level 2 (Chrono Boost), Pylon  
  200  18:07  Protoss Air Armor Level 3 (Chrono Boost)  
  198  18:15  Nexus  
  198  18:16  Pylon  
  194  18:22  Dark Shrine  
  194  18:25  Gateway  
  192  18:27  Gateway  
  192  18:30  Gateway x2  
  182  18:38  Observer  
  173  18:41  Tempest x2  
  173  18:42  Tempest  
  173  18:45  Photon Cannon x2  
  173  18:46  Pylon  
  173  18:47  Photon Cannon  
  186  18:48  Photon Cannon  
  186  18:50  Shield Battery x2  
  186  18:53  Unknown  
  186  19:02  Stalker x2  
  186  19:03  Stalker x5  
  200  19:27  Warp Prism  
  200  19:36  Observer  
  200  19:38  Observer  
  198  19:42  High Templar  
  200  19:55  Nexus  
  200  19:57  Shadow Stride  
  200  19:59  Pylon  
  200  20:11  Observer  
  199  20:35  Pylon  
  193  20:40  Pylon  
  189  21:04  Fleet Beacon  
  189  21:15  High Templar x2  
  189  21:16  High Templar  
  192  21:33  Photon Cannon  
  192  21:34  Photon Cannon  
  192  21:36  Photon Cannon  
  192  21:38  Photon Cannon  
  192  21:39  Pylon x2  
  192  21:40  Shield Battery  
  192  21:41  Zealot  
  192  21:42  Shield Battery  
  194  21:47  Photon Cannon  
  194  21:51  Photon Cannon  
  194  21:59  Shield Battery  
  194  22:00  Shield Battery x2  
  194  22:01  Shield Battery  
  194  22:03  Shield Battery, High Templar x3  
  194  22:06  Photon Cannon  
  194  22:07  Pylon  
  200  22:08  Shield Battery  
  200  22:10  Pylon  
  200  22:11  Shield Battery  
  200  22:22  Protoss Shields Level 3  
  200  22:28  Pylon, Photon Cannon  
  200  22:30  Photon Cannon  
  200  22:32  Assimilator  
  200  22:35  Assimilator  
  199  22:48  Photon Cannon  
  199  22:50  Photon Cannon  
  199  23:04  Observer  
  200  23:09  Mothership (Chrono Boost)  
  192  23:23  Archon  
  192  23:26  Nexus, High Templar  
  192  23:27  High Templar x2  
  191  23:40  Dark Templar x3  
  191  23:41  Zealot  
  194  24:04  Observer, Tempest x2  
  194  24:09  Pylon  
  196  24:13  Pylon, Stargate  
  196  24:14  Stargate  
  196  24:26  Pylon  
  196  24:29  Pylon  
  196  24:42  Photon Cannon  
  196  24:43  Photon Cannon  
  196  24:44  Photon Cannon  
  196  24:46  Photon Cannon  
  196  24:47  Oracle, Shield Battery  
  196  24:48  Shield Battery  
  196  24:50  Pylon  
  199  24:59  Photon Cannon  
  199  25:00  Photon Cannon  
  199  25:02  Photon Cannon  
  199  25:05  Pylon  
  197  25:13  Photon Cannon  
  197  25:19  Gateway  
  193  25:22  Gateway  
  193  25:24  Gateway  
  193  25:25  Gateway  
  173  25:36  Stalker x12  
  195  25:44  Photon Cannon  
  195  26:01  High Templar  
  195  26:02  High Templar  
  199  26:31  Photon Cannon  
  197  26:37  High Templar  
  197  26:39  Pylon  
  199  27:07  High Templar  
  196  27:10  Photon Cannon  
  196  27:11  Pylon, Photon Cannon  
  192  27:59  Observer  
  191  28:16  Observer  
  188  28:35  High Templar  
  188  28:38  Photon Cannon  
  188  28:40  Photon Cannon  
  190  28:42  Tempest  
  190  28:43  Tempest, Photon Cannon  
  200  28:59  Observer  
  192  29:15  Probe x5  
  192  29:16  Probe x2  
  175  29:17  Observer  
  175  29:18  Zealot x4  
  184  29:27  Probe x2  
  184  29:37  Probe x4  
  188  29:48  Photon Cannon  
  188  29:49  Photon Cannon  
  188  29:51  Shield Battery, Photon Cannon  
  188  29:52  Shield Battery  
  184  30:20  Shield Battery  
  184  30:21  Shield Battery  
  184  30:24  Stalker x6  
  184  30:25  Stalker  
  188  30:38  High Templar  
  188  30:41  Photon Cannon  
  188  30:42  Photon Cannon  
  190  30:43  Photon Cannon  
  190  30:45  Photon Cannon  
  190  30:46  Flux Vanes  
  190  30:53  Shield Battery  
  186  31:16  Zealot x8  
  199  31:28  Observer  
  199  31:29  Observer  
  199  31:45  Shield Battery, Photon Cannon  
  199  31:47  Observer  
  199  31:59  Observer  
  198  32:14  Photon Cannon  
  198  32:16  Observer  
  181  33:07  Oracle x2  
  181  33:08  Tempest x2  
  174  33:45  Observer  
  174  33:46  High Templar  
  176  33:49  Photon Cannon  
  176  33:50  Photon Cannon  
  176  34:07  High Templar  
  176  34:08  High Templar  
  178  34:36  Pylon  
  178  34:38  Pylon  
  176  34:55  Pylon  
  176  34:58  Observer  
  176  35:06  Photon Cannon  
  175  35:07  Shield Battery  
  175  35:09  Shield Battery, Photon Cannon  
  175  35:15  Pylon  
  175  35:29  Photon Cannon  
  175  35:30  Shield Battery, Photon Cannon x2  
  172  35:44  Pylon  
  172  35:49  Pylon  
  163  36:24  Stalker x16  
  195  36:26  Observer  
  192  37:12  Oracle x2  
  198  37:39  Observer  
  198  37:56  Observer  
  163  39:32  Tempest x2 (Chrono Boost)  
  163  39:36  Zealot x3  
  163  39:37  Zealot x13  
  169  39:39  Tempest x2 (Chrono Boost)  
  129  39:57  Tempest (Chrono Boost)  
  125  40:01  Immortal  
  125  40:04  High Templar x2  
  133  40:07  High Templar x2  
  133  40:09  Oracle (Chrono Boost)  
  140  40:16  Observer  
  145  40:22  Tempest (Chrono Boost)  
  145  40:26  Tempest (Chrono Boost)  
  151  40:36  Tempest (Chrono Boost)  
  151  40:43  Oracle (Chrono Boost)  
  151  40:45  Oracle  
  157  41:06  Tempest x2  
  167  41:11  Tempest, High Templar x2  
  176  41:53  Pylon  
  176  42:06  Carrier x4  
  200  42:11  Shield Battery  
  200  42:13  Shield Battery, Photon Cannon  
  199  42:49  Pylon  
  197  43:01  Observer  
  198  43:19  Observer  
  197  43:46  High Templar x2  
  199  43:49  Photon Cannon  
  195  44:09  High Templar  
  195  44:18  Pylon  
  183  44:50  Carrier  
  183  44:51  Carrier  
  188  45:14  Photon Cannon  
  188  45:27  Shield Battery  
  188  45:47  Pylon  
  188  45:57  Pylon  
  188  46:10  Carrier x2  
  195  46:24  Photon Cannon  
  191  47:33  High Templar x2  
  192  48:14  Oracle  
  195  48:29  Oracle  
  198  48:36  Shield Battery  
  198  48:48  Observer  
  196  49:14  Stalker x2  
  200  49:46  Observer  
  200  50:16  Pylon  
  200  50:22  Observer  
  200  50:38  Photon Cannon  
  200  50:58  Pylon  
  149  51:41  Zealot x13  
  149  51:43  Zealot x3  
Show
View Real Time Build Order
Export as new Build Order

Spirit Terran 

Build Orders: Banshee Rush 

Get SALT Encoding   

  12  0:00  SCV  
  13  0:12  SCV  
  14  0:16  Supply Depot  
  14  0:25  SCV  
  15  0:38  SCV, Barracks  
  16  0:44  Refinery  
  16  0:50  SCV  
  17  1:02  SCV  
  18  1:14  SCV  
  19  1:26  Orbital Command  
  19  1:27  Barracks Reactor  
  19  1:38  Command Center  
  19  1:49  Supply Depot  
  19  1:52  SCV  
  20  2:04  SCV, Marine  
  20  2:07  Marine  
  23  2:08  Factory  
  23  2:16  SCV  
  23  2:21  Marine  
  25  2:25  Bunker  
  25  2:28  SCV  
  26  2:31  Refinery  
  26  2:40  SCV  
  27  2:52  SCV  
  27  2:53  Starport  
  27  2:54  Hellion  
  27  2:55  Orbital Command  
  30  3:04  SCV  
  31  3:09  Marine x2  
  31  3:10  Supply Depot  
  33  3:15  Factory Tech Lab  
  33  3:16  SCV  
  34  3:21  SCV  
  35  3:27  Marine x2  
  35  3:29  SCV  
  35  3:33  SCV  
  39  3:38  Cloaking Field  
  39  3:39  Banshee  
  39  3:40  Factory Tech Lab  
  39  3:41  SCV  
  43  3:45  SCV  
  43  3:48  Supply Depot, Marine  
  45  3:49  Marine  
  45  3:53  SCV  
  47  3:57  SCV  
  47  4:00  Barracks  
  48  4:04  Factory Tech Lab  
  48  4:05  SCV  
  50  4:10  SCV  
  50  4:13  Engineering Bay  
  50  4:17  SCV  
  50  4:19  Supply Depot  
  50  4:21  Banshee  
  50  4:22  SCV  
  50  4:24  Siege Tank  
  58  4:29  SCV  
  59  4:32  Barracks  
  59  4:34  SCV  
  58  4:41  Supply Depot, SCV, Marine  
  58  4:43  Marine  
  61  4:46  Supply Depot, SCV  
  61  4:49  Refinery  
  62  4:53  SCV  
  62  4:56  Siege Tank, Marine  
  62  4:59  Marine  
  68  5:00  Marine  
  68  5:01  SCV  
  68  5:05  Refinery  
  68  5:06  Supply Depot  
  70  5:12  SCV  
  70  5:14  Marine  
  70  5:16  SCV  
  70  5:17  Marine  
  70  5:18  Marine  
  74  5:24  SCV  
  75  5:32  Marine  
  75  5:33  SCV  
  75  5:34  Marine  
  78  5:35  Starport Reactor  
  78  5:36  Marine  
  78  5:37  SCV  
  78  5:41  Siege Tank  
  85  5:43  Marauder  
  85  5:50  Supply Depot x2, Marine  
  85  5:52  Marine  
  85  5:53  Stimpack  
  85  5:55  Missile Turret  
  86  6:00  Supply Depot  
  86  6:06  Terran Infantry Weapons Level 1  
  86  6:11  Marine  
  86  6:12  Marine, Marauder  
  86  6:16  Combat Shield, Command Center  
  86  6:17  Factory Reactor  
  88  6:18  SCV x2  
  88  6:19  Marine  
  91  6:30  SCV  
  92  6:35  Marine, Marauder x2  
  92  6:39  SCV  
  95  6:41  Barracks, Medivac  
  95  6:42  Barracks  
  95  6:43  SCV  
  95  6:45  Medivac  
  100  6:51  Missile Turret  
  100  6:54  Supply Depot  
  100  7:00  SCV x2  
  102  7:02  Supply Depot  
  102  7:12  Viking  
  102  7:15  Marine, Medivac  
  102  7:16  SCV, Marauder  
  102  7:21  SCV  
  102  7:22  Marine  
  110  7:24  Marauder  
  110  7:28  SCV  
  110  7:29  Barracks Reactor  
  110  7:30  Barracks Tech Lab  
  110  7:35  Concussive Shells  
  110  7:37  Marine, Marauder  
  110  7:39  Marine  
  110  7:40  SCV x2  
  110  7:42  Medivac  
  117  7:45  Marauder, Medivac  
  117  7:48  Marine  
  121  7:55  Marine  
  121  7:56  Refinery x2  
  121  7:57  Marine  
  121  7:58  Ghost Academy  
  122  7:59  SCV, Marauder  
  122  8:05  SCV  
  126  8:06  Marine, Marauder  
  126  8:09  Orbital Command  
  126  8:12  Marine, Terran Infantry Armor Level 1, Medivac  
  121  8:15  Medivac  
  121  8:16  Widow Mine  
  121  8:17  Widow Mine  
  128  8:20  SCV x2, Marauder  
  128  8:25  Bunker  
  132  8:32  Supply Depot, SCV, Sensor Tower  
  132  8:33  SCV  
  133  8:39  Supply Depot  
  133  8:42  Supply Depot, SCV, Ghost  
  133  8:45  SCV x2, Ghost  
  140  8:49  Ghost  
  140  8:54  SCV  
  142  8:57  SCV  
  142  9:04  Supply Depot x2, Marine, Widow Mine x2  
  142  9:06  Marine x2  
  149  9:10  Ghost  
  149  9:15  Marauder  
  149  9:16  Engineering Bay, Armory  
  153  9:20  Command Center  
  153  9:22  Ghost  
  155  9:26  Widow Mine x2  
  155  9:27  Viking  
  161  9:39  Viking  
  161  9:40  Supply Depot  
  161  9:41  Ghost  
  161  9:42  Marine  
  161  9:43  Marauder  
  161  9:44  Supply Depot  
  168  9:50  Ghost  
  163  9:53  SCV x3  
  163  10:05  SCV  
  163  10:06  SCV x2, Terran Infantry Weapons Level 2  
  163  10:15  Medivac  
  163  10:17  SCV  
  163  10:18  SCV x2  
  168  10:29  Ghost  
  168  10:30  SCV x3  
  173  10:38  Marine  
  173  10:40  Marine, Marauder  
  173  10:42  SCV x3  
  178  10:43  Marine  
  178  10:44  Marauder  
  178  10:47  Marine  
  172  10:50  Terran Infantry Armor Level 2  
  172  10:54  SCV x3  
  173  10:59  Marauder  
  173  11:03  Sensor Tower  
  175  11:06  SCV x2  
  175  11:07  Viking x2  
  175  11:09  Widow Mine  
  175  11:10  Widow Mine  
  180  11:12  SCV, Unknown  
  180  11:14  Terran Ship Weapons Level 1  
  179  11:27  Planetary Fortress  
  179  11:28  Marine, Marauder  
  179  11:29  Marauder  
  180  11:33  Marine, Marauder  
  180  11:36  Marine  
  184  11:42  Marine  
  183  11:48  Widow Mine  
  183  11:50  Marauder x2  
  179  11:54  Marine  
  179  11:55  Marauder  
  180  12:06  Command Center  
  180  12:08  Fusion Core, Starport  
  180  12:11  Marine  
  180  12:12  Marauder, Barracks  
  180  12:13  Barracks  
  180  12:15  Barracks  
  183  12:18  Ghost x2  
  187  12:26  Terran Infantry Weapons Level 3  
  187  12:31  Viking x2  
  184  12:37  Ghost  
  184  12:38  Marine  
  187  12:47  Starport Reactor  
  187  12:49  Starport  
  187  12:53  Starport  
  187  12:57  Advanced Ballistics  
  187  13:01  Viking x2  
  191  13:10  Terran Ship Weapons Level 2, Armory  
  191  13:11  Terran Infantry Armor Level 3  
  191  13:27  Refinery  
  191  13:28  Refinery  
  191  13:37  Viking  
  191  13:39  Viking  
  195  13:42  Viking x2  
  197  13:50  Viking  
  197  13:53  Viking  
  172  14:16  Planetary Fortress, SCV x3  
  173  14:19  Barracks Tech Lab  
  173  14:20  Barracks Tech Lab x2  
  175  14:28  SCV x3  
  176  14:36  Missile Turret, Sensor Tower  
  176  14:37  Caduceus Reactor  
  176  14:40  SCV x3  
  176  14:42  Terran Vehicle And Ship Armor Level 1  
  179  14:52  SCV x3  
  188  14:57  Command Center  
  188  15:04  SCV x3  
  188  15:05  Neosteel Armor  
  185  15:16  SCV x2  
  181  15:22  Liberator  
  181  15:23  Viking x3, Medivac x2  
  177  15:43  Personal Cloaking  
  177  15:45  Command Center  
  176  15:53  Viking x5  
  176  15:56  Unknown  
  184  16:05  Viking  
  186  16:16  Missile Turret  
  186  16:17  Missile Turret  
  186  16:22  Viking  
  186  16:23  Viking x3  
  194  16:29  Viking  
  196  16:36  Viking  
  196  16:40  Starport  
  196  16:43  Command Center  
  196  16:44  Command Center  
  186  17:09  Nuke  
  178  17:18  Viking  
  178  17:20  Viking  
  178  17:21  Starport Reactor x2  
  182  17:30  Viking  
  182  17:34  Terran Vehicle And Ship Armor Level 2, Terran Ship Weapons Level 3  
  182  17:43  Planetary Fortress  
  182  17:49  Starport Tech Lab  
  182  17:50  Refinery  
  182  18:00  Refinery  
  177  18:05  Command Center  
  177  18:09  Liberator  
  185  18:22  Orbital Command x2  
  185  18:24  Command Center  
  179  18:51  Medivac  
  179  18:52  Viking x5, Medivac x3  
  179  18:55  Missile Turret  
  174  19:08  Command Center  
  171  19:11  Command Center  
  171  19:13  Nuke  
  171  19:21  Ghost, Viking  
  171  19:22  Viking x8  
  197  19:31  Ghost x3  
  197  19:32  Marine  
  197  19:33  Marauder  
  184  19:51  Viking x2  
  184  19:52  Planetary Fortress, SCV, Viking x4  
  197  19:53  SCV, Missile Turret  
  197  19:55  Orbital Command  
  198  20:02  Nuke  
  198  20:12  Missile Turret  
  198  20:14  Missile Turret  
  198  20:21  Missile Turret  
  193  20:23  Viking  
  193  20:24  Viking x3  
  197  20:45  Viking  
  197  20:46  Viking  
  192  21:38  Ghost x5  
  192  21:39  Marine, Marauder  
  189  21:40  Refinery  
  187  21:53  Refinery  
  186  21:57  Refinery, Command Center  
  186  21:59  Ghost  
  194  22:07  Missile Turret, Ghost  
  194  22:08  Marauder  
  196  22:10  Nuke  
  196  22:14  Command Center  
  188  22:22  Marauder  
  198  22:23  Marine, Marauder  
  198  22:24  Marauder  
  198  22:28  Viking  
  198  22:29  Marauder x2, Viking x3  
  199  22:36  Marauder  
  199  22:47  Ghost Academy  
  199  23:01  Viking  
  199  23:02  Viking x3  
  189  23:30  Ghost, Viking x2  
  189  23:31  Marine  
  189  23:32  Marauder  
  190  23:36  Marine, Marauder  
  190  23:37  Viking x4  
  200  23:47  Ghost  
  198  24:01  Ghost x5, Medivac  
  192  24:07  Marine  
  191  24:10  Medivac x2  
  191  24:15  Orbital Command  
  191  24:16  Ghost  
  200  24:37  Sensor Tower  
  200  24:38  Nuke, Missile Turret  
  200  24:47  Viking x3  
  200  24:53  Missile Turret  
  188  25:26  Viking  
  188  25:27  Viking x5  
  196  25:33  Viking  
  196  25:35  Marauder x3  
  200  25:37  Nuke  
  200  25:46  Missile Turret  
  200  26:05  Missile Turret x2  
  200  26:12  Missile Turret  
  200  26:19  Viking  
  200  26:38  Nuke x2  
  200  26:45  Medivac  
  200  27:12  Ghost  
  198  27:24  Medivac  
  198  27:26  Medivac  
  200  27:36  Ghost  
  196  27:39  Viking  
  196  27:42  Nuke x2  
  200  27:54  Missile Turret  
  195  28:18  Ghost  
  193  28:21  Marine, Marauder x3  
  198  28:30  Missile Turret  
  198  28:33  Sensor Tower  
  194  28:35  Marine, Marauder x2  
  199  28:56  Missile Turret x2  
  199  29:00  Marine  
  194  29:19  Viking x3  
  194  29:21  Nuke x2  
  198  29:48  Ghost  
  200  30:10  Missile Turret  
  200  30:13  Viking x2  
  200  30:20  Nuke x2  
  191  30:38  Factory Tech Lab  
  200  31:20  Medivac x2  
  200  31:21  Marine, Medivac  
  200  31:22  Marauder x2  
  198  31:36  Missile Turret  
  198  31:40  Sensor Tower  
  197  31:54  Missile Turret  
  197  32:03  Marine, Missile Turret, Marauder  
  200  32:09  Missile Turret  
  200  32:29  Missile Turret  
  186  32:55  Nuke  
  186  33:05  Missile Turret  
  191  33:08  Ghost x5  
  191  33:10  Marine x2, Marauder  
  200  33:19  Missile Turret  
  193  33:30  Ghost  
  187  33:37  Marine x8  
  187  33:38  Marine  
  196  33:51  Missile Turret  
  189  34:50  Marine x8  
  195  34:53  Medivac  
  192  35:04  Marauder x2  
  196  35:07  Marine  
  196  35:08  Marine, Marauder  
  200  35:22  Missile Turret  
  197  35:46  Viking  
  199  35:53  Nuke x2  
  198  36:08  Medivac  
  198  36:11  Sensor Tower  
  196  36:20  Marine x4  
  199  36:39  Marine  
  195  36:40  Marauder  
  195  36:52  Marine, Marauder  
  193  37:13  Viking x3  
  199  37:32  Nuke  
  197  37:56  Orbital Command  
  197  37:57  Command Center  
  197  37:58  Command Center  
  197  38:00  Command Center  
  197  38:02  Ghost  
  199  38:06  Ghost  
  199  38:07  Ghost  
  199  38:09  Ghost  
  199  38:11  Smart Servos  
  194  38:32  Command Center  
  193  38:34  Command Center  
  191  38:42  Missile Turret, Ghost x4  
  191  38:48  Missile Turret x2  
  195  38:58  Marine, Marauder  
  195  38:59  Marauder  
  198  39:03  Medivac  
  186  39:33  Marine, Marauder  
  186  39:37  Marine  
  163  39:39  Marine x2  
  163  39:40  Marine  
  158  39:58  Ghost  
  158  39:59  Marine, Ghost x3  
  155  40:00  Marauder  
  155  40:01  Marine x3, Marauder  
  150  40:14  Viking x5  
  156  40:17  Marine  
  156  40:19  Marine x3  
  156  40:21  Orbital Command, Marauder  
  166  40:22  Marine  
  166  40:27  Marine x4  
  171  40:29  Missile Turret  
  171  40:33  Missile Turret  
  171  40:35  Marine  
  172  40:36  Marine x2  
  172  40:37  Marine  
  172  40:40  Marine  
  172  40:42  Marine  
  176  40:44  Viking x2  
  176  40:45  Marine x2  
  176  40:46  Marauder  
  176  40:47  Viking x3  
  188  41:14  Viking x2  
  188  41:17  Viking x3  
  197  41:43  Viking  
Tags
 
Add a new tag
Caveats
  • Supply blocks, unpowered buildings, or Contaminate may cause inaccurate times.
  • Supply counts are checked every 10 seconds.